[Event "Titled Tuesday Blitz February 15 Early 2022"]
[White "Buscar, Michael"]
[Black "Ljukin, Sergei"]
[WhiteFideId "2603616"]
[BlackFideId "14102200"]
[WhiteElo "2010"]
[BlackElo "2312"]
[Result "0-1"]
[Round "04"]
[TimeControl "180+1"]
[Date "2022.02.15"]
[WhiteClock "0:00:11"]
[BlackClock "0:00:08"]

1. c4 c6 2. g3 d5 3. Bg2 Nf6 4. cxd5 cxd5 5. b3 Nc6 6. Bb2 e5 7. d3 Bd6 8. Nf3 h6 9. O-O O-O 10. Nc3 Be6 11. Nb5 Bb8 12. Ba3 Re8 13. Qd2 d4 14. Bb2 Bd5 15. Rac1 a6 16. Na3 b5 17. Nc2 Bd6 18. e4 Be6 19. Nh4 Qb6 20. f4 Ng4 21. f5 Bd7 22. f6 Ne3 23. Rf3 g6 24. Nxe3 dxe3 25. Qxe3 Qxe3+ 26. Rxe3 Rac8 27. Ree1 Nb4 28. Bf1 Nxa2 29. Ra1 Nb4 30. Ba3 a5 31. Rac1 Bf8 32. Nf3 Nc2 33. Bxf8 Nxe1 34. Rxe1 Kxf8 35. d4 exd4 36. Nxd4 a4 37. Rb1 Rb8 38. Bd3 a3 39. b4 Be6 40. Bxb5 Red8 41. Nc6 a2 42. Ra1 Rxb5 43. Nxd8 Bb3 44. Nc6 Rb6 45. Nd4 Bc4 46. Nc2 Rd6 47. b5 Rd2 48. Rc1 Rxc2 49. Rxc2 a1=Q+ 50. Kf2 Bxb5 51. Ke3 Be8 52. Rd2 Qa7+ 53. Kf3 Qb6 54. e5 Qe6 55. Ke4 Bc6+ 56. Kf4 g5+ 57. Ke3 Qxe5+ 58. Kf2 Qxf6+ 59. Ke3 Qe5+ 60. Kd3 Be4+ 61. Ke3 f5 62. Re2 f4+ 63. gxf4 gxf4+ 64. Kf2 Qd4+ 65. Kf1 Bd3 66. Ke1 Bxe2 67. Kxe2 Qe3+ 68. Kf1 f3 69. h3 Qe2+ 70. Kg1 Qg2# 0-1


[Site "https://www.chess.com"]

[Event "Titled Tuesday Blitz February 15 Early 2022"]
[White "Ceres, Dragos"]
[Black "Nesterov, Arseniy"]
[WhiteFideId "13905864"]
[BlackFideId "24198455"]
[WhiteElo "2072"]
[BlackElo "2489"]
[Result "0-1"]
[Round "04"]
[TimeControl "180+1"]
[Date "2022.02.15"]
[WhiteClock "0:00:14"]
[BlackClock "0:00:51"]

1. e4 e5 2. Nf3 Nc6 3. Bc4 Nf6 4. O-O Nxe4 5. d4 d5 6. Bb5 exd4 7. Nxd4 Bd7 8. Nxc6 bxc6 9. Bd3 Nc5 10. Re1+ Be7 11. Bg5 Be6 12. Bxe7 Qxe7 13. Nc3 O-O 14. Ne2 Qf6 15. Nd4 g6 16. c3 Bg4 17. Qd2 Nxd3 18. Qxd3 c5 19. Ne2 c6 20. Ng3 Rab8 21. b3 Rfe8 22. h3 Bd7 23. Rac1 h5 24. Rxe8+ Rxe8 25. Qa6 h4 26. Qxa7 hxg3 27. fxg3 Bf5 28. Qxc5 Re2 29. Rf1 Qe5 30. g4 Qg3 31. Rf2 Re1+ 32. Rf1 Be4 33. Qf2 Rxf1+ 34. Kxf1 Qxc3 35. Qb6 Qa1+ 36. Kf2 Qxa2+ 37. Ke3 Qxg2 38. Qxc6 0-1


[Site "https://www.chess.com"]

[Event "Titled Tuesday Blitz February 15 Early 2022"]
[White "Cherniaiev, Tykhon"]
[Black "Hansen, Eric"]
[WhiteFideId "14182360"]
[BlackFideId "2606771"]
[WhiteElo "2289"]
[BlackElo "2568"]
[Result "0-1"]
[Round "04"]
[TimeControl "180+1"]
[Date "2022.02.15"]
[WhiteClock "0:00:01"]
[BlackClock "0:00:47"]

1. Nf3 d5 2. c4 d4 3. b4 g6 4. Bb2 Bg7 5. e3 e5 6. exd4 e4 7. Ng1 Bxd4 8. Bxd4 Qxd4 9. Nc3 Nf6 10. Nge2 Qe5 11. d4 exd3 12. Qxd3 Nc6 13. b5 Nb4 14. Qd2 Bf5 15. O-O-O Nd3+ 16. Kb1 Nxf2+ 17. Kb2 N6e4 18. Qd4 Qxd4 19. Nxd4 O-O-O 20. Nxf5 Nxd1+ 21. Nxd1 Rxd1 22. Ne3 Rd2+ 23. Kc1 Rhd8 24. Nd5 Rxa2 25. Bd3 Nf2 26. Kb1 Rd2 27. Rf1 Nxd3 28. Rxf7 Rxd5 29. cxd5 h5 30. Rg7 Rxg2 31. h4 b6 32. Ka1 Rg4 33. Kb1 Rxh4 34. Rxg6 Ne5 35. Rg8+ Kd7 36. Rg7+ Kd6 37. Ka2 Rg4 38. Rh7 h4 39. Ka1 Rb4 40. Ka2 Rxb5 41. Rxh4 Kxd5 42. Rh7 c5 43. Rh6 c4 44. Rh5 c3 45. Rh4 c2 0-1


[Site "https://www.chess.com"]

[Event "Titled Tuesday Blitz February 15 Early 2022"]
[White "Chigaev, Maksim"]
[Black "Samunenkov, Ihor"]
[WhiteFideId "4108116"]
[BlackFideId "14187086"]
[WhiteElo "2502"]
[BlackElo "2406"]
[Result "1-0"]
[Round "04"]
[TimeControl "180+1"]
[Date "2022.02.15"]
[WhiteClock "0:00:18"]
[BlackClock "0:00:01"]

1. e4 c6 2. Nf3 d5 3. d3 dxe4 4. dxe4 Qxd1+ 5. Kxd1 Nf6 6. Nbd2 g6 7. Ne5 Bh6 8. f3 Nbd7 9. Nd3 O-O 10. c3 b6 11. Kc2 Ba6 12. a4 Rfd8 13. Nb4 Bxf1 14. Rxf1 Rac8 15. Nd3 Nf8 16. Nc4 Bxc1 17. Rfxc1 Ne6 18. Rd1 g5 19. Nde5 Kf8 20. Rxd8+ Nxd8 21. h4 h6 22. hxg5 hxg5 23. Rh1 Kg8 24. Ne3 Ne6 25. Nf5 Rc7 26. Nxc6 Nh7 27. Ncxe7+ Kh8 28. Nd5 Rc6 29. Kb1 Nc5 30. Nde7 Re6 31. Rd1 Nf6 32. Nd5 Nxa4 33. Nd4 Rd6 34. Rh1+ Nh7 35. Nf5 Re6 36. b4 b5 37. Kc2 Nb6 38. Rd1 Nf8 39. Nc7 Rc6 40. Nxb5 Nc4 41. Rd8 a6 42. Rxf8+ Kh7 43. Rxf7+ 1-0


[Site "https://www.chess.com"]

[Event "Titled Tuesday Blitz February 15 Early 2022"]
[White "Clawitter, Craig"]
[Black "Arngrimsson, Dagur"]
[WhiteFideId "2023105"]
[BlackFideId "2301288"]
[WhiteElo "2130"]
[BlackElo "2286"]
[Result "0-1"]
[Round "04"]
[TimeControl "180+1"]
[Date "2022.02.15"]
[WhiteClock "0:00:04"]
[BlackClock "0:01:22"]

1. e4 c6 2. Nf3 d5 3. e5 Bg4 4. d4 e6 5. c3 c5 6. dxc5 Nd7 7. Be3 Ne7 8. Nbd2 Nc6 9. b4 a5 10. a3 Ndxe5 11. Be2 Bxf3 12. Nxf3 Be7 13. O-O O-O 14. Nxe5 Nxe5 15. Bd4 Bf6 16. f4 Nc6 17. b5 Nb8 18. Bd3 Nd7 19. Rf3 g6 20. Rh3 Rc8 21. c6 bxc6 22. bxc6 Rxc6 23. Qg4 Bxd4+ 24. cxd4 Qf6 25. f5 exf5 26. Bxf5 Qxf5 0-1


[Site "https://www.chess.com"]

[Event "Titled Tuesday Blitz February 15 Early 2022"]
[White "Cori T., Deysi"]
[Black "Rustemov, Alexander"]
[WhiteFideId "3801934"]
[BlackFideId "4119002"]
[WhiteElo "2350"]
[BlackElo "2783"]
[Result "0-1"]
[Round "04"]
[TimeControl "180+1"]
[Date "2022.02.15"]
[WhiteClock "0:00:01"]
[BlackClock "0:00:16"]

1. d4 d5 2. c4 dxc4 3. e3 e6 4. Nf3 c5 5. Bxc4 a6 6. O-O Nf6 7. a4 Nc6 8. Nc3 Be7 9. Qe2 O-O 10. Rd1 Qc7 11. h3 b6 12. d5 exd5 13. Nxd5 Nxd5 14. Bxd5 Bb7 15. e4 Rad8 16. Be3 Nb4 17. Bxb7 Qxb7 18. Bf4 b5 19. axb5 axb5 20. Ne5 c4 21. Bg3 f6 22. Ng4 Nd3 23. Kh2 Bc5 24. f3 Rfe8 25. Ne3 Bd4 26. Nf5 Bxb2 27. Rab1 Be5 28. Qc2 Bxg3+ 29. Nxg3 Qc6 30. Ne2 b4 31. Rxd3 Rxd3 32. Nf4 Rd4 33. g3 Qd6 34. Ng2 b3 35. Qc3 Rd8 0-1


[Site "https://www.chess.com"]

[Event "Titled Tuesday Blitz February 15 Early 2022"]
[White "Coto Mederos, Michel"]
[Black "Ter-Sahakyan, Samvel"]
[WhiteFideId "3508528"]
[BlackFideId "13302531"]
[WhiteElo "2427"]
[BlackElo "2592"]
[Result "1-0"]
[Round "04"]
[TimeControl "180+1"]
[Date "2022.02.15"]
[WhiteClock "0:00:02"]
[BlackClock "0:00:01"]

1. c4 e5 2. Nc3 f5 3. g3 Nf6 4. Bg2 g6 5. e3 Bg7 6. Nge2 O-O 7. O-O d6 8. d4 e4 9. b4 Nc6 10. Rb1 Kh8 11. Nf4 Ne7 12. Bd2 a6 13. f3 g5 14. Nfe2 exf3 15. Bxf3 Qe8 16. e4 fxe4 17. Nxe4 Nxe4 18. Bxe4 Nf5 19. Bg2 Qg6 20. Rb3 Bd7 21. Rbf3 Rae8 22. d5 c6 23. Bc3 Bxc3 24. Nxc3 Qg7 25. Qd2 h6 26. R3f2 Kg8 27. Ne4 cxd5 28. Qxd5+ Be6 29. Qd3 Rd8 30. g4 Nh4 31. Rxf8+ Rxf8 32. Rxf8+ Qxf8 33. Qxd6 Qf7 34. Qd8+ Kg7 35. Qd4+ Kg8 36. Nd6 1-0


[Site "https://www.chess.com"]

[Event "Titled Tuesday Blitz February 15 Early 2022"]
[White "Csonka, Balazs"]
[Black "Bugayev, Vladimir"]
[WhiteFideId "742910"]
[BlackFideId "30901480"]
[WhiteElo "2404"]
[BlackElo "2403"]
[Result "1-0"]
[Round "04"]
[TimeControl "180+1"]
[Date "2022.02.15"]
[WhiteClock "0:00:12"]
[BlackClock "0:00:45"]

1. d4 Nf6 2. c4 c5 3. d5 b5 4. cxb5 a6 5. f3 d6 6. e4 g6 7. Na3 Bg7 8. Ne2 axb5 9. Nxb5 O-O 10. Nec3 Na6 11. Be2 Nc7 12. O-O Nxb5 13. Nxb5 Ba6 14. a4 Ne8 15. Qc2 Nc7 16. Ra3 Qd7 17. Rb3 Rfb8 18. Nxc7 Qxc7 19. Bxa6 Rxa6 20. Rxb8+ Qxb8 21. Bg5 Bxb2 22. Bxe7 Bd4+ 23. Kh1 Qb4 24. Rb1 Qxa4 25. Qxa4 Rxa4 26. Bxd6 c4 27. e5 c3 28. Rb8+ Kg7 29. Bf8+ Kg8 30. Be7+ Kg7 31. Bf8+ Kg8 32. Bh6# 1-0


[Site "https://www.chess.com"]

[Event "Titled Tuesday Blitz February 15 Early 2022"]
[White "Cunjalo, Faris"]
[Black "Sviridov, Valery"]
[WhiteFideId "14410710"]
[BlackFideId "4120680"]
[WhiteElo "2263"]
[BlackElo "2454"]
[Result "1/2-1/2"]
[Round "04"]
[TimeControl "180+1"]
[Date "2022.02.15"]
[WhiteClock "0:00:10"]
[BlackClock "0:00:14"]

1. d4 g6 2. Nf3 Bg7 3. g3 d6 4. Bg2 Nf6 5. O-O O-O 6. b3 Nbd7 7. Bb2 e5 8. dxe5 Ng4 9. c4 dxe5 10. h3 Nh6 11. Qc1 f6 12. Rd1 Nf7 13. Ba3 Re8 14. Nc3 c6 15. h4 e4 16. Nd4 f5 17. Bb2 Qc7 18. Nc2 Nf6 19. Ne3 Ne5 20. Na4 Be6 21. Nc5 Bf7 22. Qd2 b6 23. Na6 Qe7 24. Qd6 Nfg4 25. Nxg4 Nxg4 26. Bxg7 Kxg7 27. Nc7 Qxd6 28. Rxd6 Red8 29. Rad1 Rxd6 30. Rxd6 Rc8 31. Na6 Ne5 32. f4 exf3 33. Bxf3 Kf8 34. c5 Ke7 35. Rd4 Rd8 36. Rxd8 Kxd8 37. Kf2 Be6 38. Nb4 Kc7 39. cxb6+ axb6 40. Nd3 Nxd3+ 41. exd3 c5 42. Ke3 Kd6 43. d4 h6 44. Kd3 g5 45. hxg5 hxg5 46. dxc5+ Kxc5 47. Kc3 Bd5 48. b4+ Kd6 49. Bxd5 Kxd5 50. a4 f4 51. gxf4 gxf4 52. Kd3 f3 53. Ke3 Kc4 54. a5 bxa5 55. bxa5 Kb5 56. Kxf3 Kxa5 1/2-1/2


[Site "https://www.chess.com"]

[Event "Titled Tuesday Blitz February 15 Early 2022"]
[White "Danaci, Ege"]
[Black "Klinova, Masha"]
[WhiteFideId "34506748"]
[BlackFideId "2802015"]
[WhiteElo "1799"]
[BlackElo "2274"]
[Result "1-0"]
[Round "04"]
[TimeControl "180+1"]
[Date "2022.02.15"]
[WhiteClock "0:00:25"]
[BlackClock "0:00:43"]

1. e4 d6 2. d4 Nf6 3. Bd3 e5 4. Nf3 Nbd7 5. c3 Be7 6. O-O O-O 7. h3 d5 8. Nxe5 Nxe5 9. dxe5 Nxe4 10. Bxe4 dxe4 11. Qe2 Bf5 12. Rd1 Qc8 13. Bf4 f6 14. Nd2 fxe5 15. Bxe5 Bh4 16. g3 Bf6 17. Qc4+ Be6 18. Qxc7 Qxc7 19. Bxc7 Bxh3 20. Nxe4 Rae8 21. Re1 Be7 22. Rad1 Bg4 23. Rd5 Bf3 24. Re5 h6 25. Nd2 Bc5 26. Rxe8 Bxf2+ 27. Kxf2 Bc6+ 28. Rxf8+ 1-0


[Site "https://www.chess.com"]

[Event "Titled Tuesday Blitz February 15 Early 2022"]
[White "Daneshvar, Bardiya"]
[Black "Tsydypov, Zhamsaran"]
[WhiteFideId "12576468"]
[BlackFideId "4108566"]
[WhiteElo "2295"]
[BlackElo "2614"]
[Result "1-0"]
[Round "04"]
[TimeControl "180+1"]
[Date "2022.02.15"]
[WhiteClock "0:00:07"]
[BlackClock "0:00:05"]

1. d4 Nf6 2. c4 e6 3. e3 d5 4. Nf3 b6 5. b3 Bb7 6. Bb2 Bb4+ 7. Nbd2 O-O 8. Bd3 Nbd7 9. O-O a5 10. a3 Be7 11. Qe2 Ne4 12. Rfc1 Bd6 13. cxd5 exd5 14. Bb5 Ndf6 15. Bc6 Qc8 16. Nxe4 Nxe4 17. Nd2 Bxc6 18. Nxe4 dxe4 19. Rxc6 Qf5 20. a4 Rfe8 21. Ba3 Bxa3 22. Rxa3 Re7 23. Ra2 h5 24. Rac2 Ra7 25. h3 g6 26. Qe1 Qd5 27. R2c4 Re6 28. Qc3 Re7 29. Qb2 Rb7 30. Rc2 Kh7 31. Qc3 Ra7 32. Qc4 Qf5 33. d5 Rd7 34. Rd2 Rb7 35. Rd4 Kg7 36. Qc3 Kh7 37. Qc4 Kg7 38. Qb5 Rb8 39. Qc4 Rbd8 40. Rxc7 Rxd5 41. Rxd5 Rxd5 42. Qc3+ Kh6 43. Qh8+ Kg5 44. Rc1 Rd2 45. Rf1 Qe6 46. f4+ exf3 47. Rxf3 Qd6 48. Rf4 Qxf4 49. exf4+ Kxf4 50. Qh6+ g5 51. Qf6+ Ke4 52. Qxg5 Rd3 53. Qxh5 Rxb3 54. Qxf7 Rb4 55. Qe8+ Kd3 56. Kh2 Kc2 57. Qc6+ Kb3 58. h4 Rxh4+ 59. Kg3 Rb4 60. Kf3 b5 61. axb5 a4 62. b6 a3 63. b7 a2 64. Qa6 Kb2 65. Qf6+ Kb1 66. Qf5+ Kb2 67. Qe5+ Kb3 68. b8=Q Rxb8 69. Qxb8+ Kc2 70. Qh8 1-0


[Site "https://www.chess.com"]

[Event "Titled Tuesday Blitz February 15 Early 2022"]
[White "De Silva, L M S T"]
[Black "Nurmanova, Alua"]
[WhiteFideId "9953698"]
[BlackFideId "13729390"]
[WhiteElo "1631"]
[BlackElo "1851"]
[Result "1-0"]
[Round "04"]
[TimeControl "180+1"]
[Date "2022.02.15"]
[WhiteClock "0:01:07"]
[BlackClock "0:00:02"]

1. e4 c5 2. Nf3 d6 3. Bb5+ Nc6 4. O-O Bd7 5. Re1 a6 6. Bf1 Nf6 7. c3 e6 8. d4 cxd4 9. cxd4 Be7 10. d5 Na7 11. dxe6 Bxe6 12. Nd4 Bd7 13. Nc3 O-O 14. Bg5 Nc6 15. Nc2 Be6 16. Ne3 b5 17. Rc1 b4 18. Ncd5 Bxd5 19. Nxd5 Nxd5 20. exd5 Bxg5 21. Rxc6 a5 22. g3 Bf6 23. Qc2 Qd7 24. Bd3 g6 25. Kg2 Rac8 26. h3 Qb7 27. Re2 Qa8 28. Qc4 Kg7 29. h4 h5 30. b3 a4 31. Be4 axb3 32. axb3 Qb8 33. Re3 Rcd8 34. Rf3 Be5 35. Rc7 Qb6 36. Qc2 Bf6 37. Bxg6 Qd4 38. Be4 Rde8 39. Rc4 Qe5 40. Rf5 Qe7 41. Bf3 Rh8 42. Rcf4 Rh6 43. Bxh5 Reh8 44. Qd1 Qc7 45. Qg4+ Kf8 46. Rxf6 Rxf6 47. Rxf6 1-0


[Site "https://www.chess.com"]

[Event "Titled Tuesday Blitz February 15 Early 2022"]
[White "Deac, Bogdan-Daniel"]
[Black "Nogerbek, Kazybek"]
[WhiteFideId "1226380"]
[BlackFideId "13710427"]
[WhiteElo "2646"]
[BlackElo "2478"]
[Result "0-1"]
[Round "04"]
[TimeControl "180+1"]
[Date "2022.02.15"]
[WhiteClock "0:00:01"]
[BlackClock "0:00:10"]

1. Nf3 d5 2. g3 c6 3. Bg2 Bf5 4. O-O Nf6 5. d3 h6 6. c4 e6 7. Qb3 Qb6 8. Qc2 Nbd7 9. cxd5 cxd5 10. Be3 Bc5 11. Bxc5 Qxc5 12. Qxc5 Nxc5 13. Rc1 Ncd7 14. Nd4 Bg6 15. Rc7 Rb8 16. Nd2 Ke7 17. Rac1 Ne8 18. R7c3 Nd6 19. f4 Rhc8 20. e4 Rxc3 21. Rxc3 dxe4 22. dxe4 e5 23. N4b3 f6 24. Kf2 Rc8 25. Rxc8 Nxc8 26. Ke3 Nd6 27. Nc1 a5 28. Nd3 Bf7 29. b3 Be6 30. Nf3 exf4+ 31. gxf4 g5 32. Nd4 a4 33. Nxe6 axb3 34. axb3 Kxe6 35. Bh3+ f5 36. fxg5 hxg5 37. exf5+ Nxf5+ 38. Kf3 Kf6 39. Ke4 Nd6+ 40. Kd5 Ke7 41. Bxd7 Kxd7 42. Ke5 Nb5 43. Kf6 g4 44. Kg5 Nd4 45. Kxg4 Nxb3 46. h4 Ke6 47. Kg5 Nd4 48. Kg6 Nc6 49. h5 Ne7+ 50. Kg7 b5 51. Nb4 Kd6 52. Kf6 Kd7 0-1


[Site "https://www.chess.com"]

[Event "Titled Tuesday Blitz February 15 Early 2022"]
[White "Delorme, Alban"]
[Black "Chernomordik, Pavel"]
[WhiteFideId "623636"]
[BlackFideId "2804530"]
[WhiteElo "2197"]
[BlackElo "2249"]
[Result "0-1"]
[Round "04"]
[TimeControl "180+1"]
[Date "2022.02.15"]
[WhiteClock "0:00:01"]
[BlackClock "0:00:59"]

1. e4 g6 2. d4 Bg7 3. Nc3 d6 4. Be3 a6 5. Qd2 b5 6. a3 Bb7 7. f3 Nd7 8. O-O-O c5 9. Nge2 Qc7 10. h4 h6 11. h5 g5 12. dxc5 Nxc5 13. Kb1 Nf6 14. Nd4 Nfd7 15. Nf5 Bf6 16. Bd4 O-O-O 17. Bxb5 axb5 18. Nxb5 Qb6 19. Bxf6 Nxf6 20. Nxe7+ Kb8 21. Nc3 Rhe8 22. Nf5 d5 23. exd5 Nxd5 24. Nxd5 Rxd5 25. Nd4 Red8 26. c3 Ba6 27. Qe3 Na4 28. Rd2 Rc8 29. Rc1 Bc4 30. b3 Bxb3 31. Ka1 Qc5 32. Nxb3 Qxe3 0-1


[Site "https://www.chess.com"]

[Event "Titled Tuesday Blitz February 15 Early 2022"]
[White "Demchenko, Anton"]
[Black "Batsiashvili, Nino"]
[WhiteFideId "4160258"]
[BlackFideId "13602993"]
[WhiteElo "2539"]
[BlackElo "2230"]
[Result "1-0"]
[Round "04"]
[TimeControl "180+1"]
[Date "2022.02.15"]
[WhiteClock "0:00:22"]
[BlackClock "0:00:05"]

1. e4 e5 2. Nf3 Nc6 3. Bc4 Nf6 4. d3 Bc5 5. Bg5 h6 6. Bh4 g5 7. Bg3 d6 8. c3 Bb6 9. Nbd2 Nh7 10. b4 Qf6 11. Bb3 h5 12. h4 g4 13. Ng1 Be6 14. Ne2 a5 15. b5 Ne7 16. Bxe6 fxe6 17. Nc4 Bc5 18. d4 exd4 19. cxd4 Bb4+ 20. Kf1 d5 21. Ne3 dxe4 22. Be5 Qf8 23. Bxh8 Qxh8 24. Qc2 Bd6 25. Qxe4 O-O-O 26. b6 Qg8 27. bxc7 Bxc7 28. Rc1 Nc6 29. Rxc6 bxc6 30. Qxc6 Nf6 31. Nf4 Rd6 32. Qa8+ Kd7 33. Qxg8 Nxg8 34. Nxh5 Rxd4 35. Ke2 Ke7 36. Rc1 Bd6 37. Rc4 Rxc4 38. Nxc4 Bc7 39. a4 Kf7 40. Ng3 Bd8 41. Ne4 Bxh4 42. Nxa5 Ne7 43. Nc4 Nc6 44. a5 Ke7 45. a6 Kd7 46. Nc5+ Ke7 47. g3 Bf6 48. Nb3 Bc3 49. Ne3 Bb4 50. Nxg4 Kd7 51. Ne3 Kc7 52. Nc2 Bd6 53. Ncd4 1-0


[Site "https://www.chess.com"]

[Event "Titled Tuesday Blitz February 15 Early 2022"]
[White "Demin, Vladimir"]
[Black "Kamsky, Gata"]
[WhiteFideId "4167457"]
[BlackFideId "2000024"]
[WhiteElo "2473"]
[BlackElo "2645"]
[Result "0-1"]
[Round "04"]
[TimeControl "180+1"]
[Date "2022.02.15"]
[WhiteClock "0:00:02"]
[BlackClock "0:00:17"]

1. d4 d5 2. Bf4 Nf6 3. Nc3 c6 4. f3 Bf5 5. e3 e6 6. Bd3 Bxd3 7. Qxd3 Bd6 8. Bxd6 Qxd6 9. e4 dxe4 10. fxe4 e5 11. dxe5 Qxe5 12. Nf3 Qe7 13. e5 Nfd7 14. O-O-O Nc5 15. Qf5 Nbd7 16. Rd6 g6 17. Qf4 Ne6 18. Qd2 O-O-O 19. Rd1 f5 20. exf6 Nxf6 21. Ne5 Rxd6 22. Qxd6 Qxd6 23. Rxd6 Re8 24. b4 Kc7 25. Rd1 Nf4 26. Rf1 g5 27. Nd3 Nxd3+ 28. cxd3 Re6 29. Kd2 h6 30. Rf5 a6 31. a4 Kd6 32. h3 Ke7 33. b5 axb5 34. axb5 Nh5 35. bxc6 bxc6 36. Ra5 Nf4 37. Ne4 Nxg2 38. Ra7+ Kf8 39. Kc3 Nf4 40. Ra8+ Kg7 41. Rd8 Nxh3 42. Nc5 Re7 43. Rd6 g4 44. Ne4 h5 45. Ng3 Re5 46. Rxc6 h4 47. Rc7+ Kg6 48. Ne4 g3 49. Rc6+ Kh5 50. Rc8 Ng5 51. Rh8+ Kg4 52. Rg8 g2 53. Nf2+ Kf3 54. Nh3 Nxh3 55. d4 Rg5 0-1


[Site "https://www.chess.com"]

[Event "Titled Tuesday Blitz February 15 Early 2022"]
[White "Dev, Shah"]
[Black "Ponkratov, Pavel"]
[WhiteFideId "35019058"]
[BlackFideId "4157800"]
[WhiteElo "2098"]
[BlackElo "2487"]
[Result "0-1"]
[Round "04"]
[TimeControl "180+1"]
[Date "2022.02.15"]
[WhiteClock "0:02:38"]
[BlackClock "0:02:52"]

1. d4 Nf6 2. c4 e5 3. dxe5 Ng4 4. Nf3 Bc5 5. e3 Nc6 6. Nc3 O-O 7. Be2 Re8 8. O-O a5 9. Na4 Bf8 10. b3 Ncxe5 11. Nxe5 Nxe5 12. c5 d6 13. cxd6 Bxd6 14. Bb2 Qh4 15. Qd4 Nf3+ 0-1


[Site "https://www.chess.com"]

[Event "Titled Tuesday Blitz February 15 Early 2022"]
[White "Devaev, Alexander"]
[Black "Kett, Tim"]
[WhiteFideId "4169395"]
[BlackFideId "1801210"]
[WhiteElo "2185"]
[BlackElo "2098"]
[Result "1-0"]
[Round "04"]
[TimeControl "180+1"]
[Date "2022.02.15"]
[WhiteClock "0:01:53"]
[BlackClock "0:01:12"]

1. d4 d5 2. c4 e6 3. Nc3 Nf6 4. Bg5 Be7 5. Bxf6 Bxf6 6. cxd5 exd5 7. e3 O-O 8. Bd3 c5 9. dxc5 d4 10. exd4 Bxd4 11. Nge2 Bxc5 12. O-O Nc6 13. Rc1 Be6 14. Nf4 Re8 15. Qh5 Qf6 16. Nxe6 1-0


[Site "https://www.chess.com"]

[Event "Titled Tuesday Blitz February 15 Early 2022"]
[White "Do Valle Cardoso, Lucas"]
[Black "Van den Dikkenberg, Erik"]
[WhiteFideId "2163144"]
[BlackFideId "1005880"]
[WhiteElo "2357"]
[BlackElo "2118"]
[Result "1-0"]
[Round "04"]
[TimeControl "180+1"]
[Date "2022.02.15"]
[WhiteClock "0:00:18"]
[BlackClock "0:00:02"]

1. e4 c5 2. Nf3 d6 3. Nc3 Nf6 4. d4 cxd4 5. Nxd4 a6 6. Be3 Ng4 7. Bg5 h6 8. Bh4 g5 9. Bg3 Bg7 10. Be2 h5 11. h4 gxh4 12. Bxh4 Nc6 13. Nf5 Bxf5 14. exf5 Bxc3+ 15. bxc3 Qa5 16. O-O Qxf5 17. Re1 O-O-O 18. Rb1 Qc5 19. c4 f5 20. Qd5 Rdg8 21. Bd3 Rg7 22. Bxf5+ Kc7 23. Qxc5 dxc5 24. Bg3+ e5 25. Bxg4 Rxg4 26. Bxe5+ Nxe5 27. Rxe5 Rxc4 28. Re7+ Kc6 29. Rexb7 Rxc2 30. R7b6+ Kd5 31. Rxa6 Rf8 32. Rf1 Re8 33. Rh6 Re5 34. a4 Ra2 35. Rf6 Rxa4 36. f4 Re2 37. Rf5+ Kd6 38. Rxh5 Raa2 39. Rg5 c4 40. f5 Ke7 41. f6+ Kf7 42. Rg7+ Kf8 43. f7 Kxg7 44. f8=Q+ Kg6 45. Qg8+ Kh6 46. Rf6+ Kh5 47. Qg6+ Kh4 48. Rf4# 1-0


[Site "https://www.chess.com"]

[Event "Titled Tuesday Blitz February 15 Early 2022"]
[White "Dovbnia, Nikita"]
[Black "Aaditya Dhingra"]
[WhiteFideId "54104599"]
[BlackFideId "25678191"]
[WhiteElo "2111"]
[BlackElo "1789"]
[Result "0-1"]
[Round "04"]
[TimeControl "180+1"]
[Date "2022.02.15"]
[WhiteClock "0:00:26"]
[BlackClock "0:01:29"]

1. Nf3 Nf6 2. g3 g6 3. Bg2 Bg7 4. O-O O-O 5. d3 c5 6. c4 Nc6 7. Nc3 d5 8. cxd5 Nxd5 9. Bd2 Nb6 10. a3 e5 11. Qc2 Bg4 12. Ne4 Bxf3 13. Bxf3 Nd4 14. Qc3 Nxf3+ 15. exf3 Rc8 16. Nxc5 Na4 17. Nxa4 Rxc3 18. Bxc3 Qxd3 19. Kg2 e4 20. Bxg7 exf3+ 21. Kg1 Kxg7 22. Nc3 Qf5 23. Nd1 Qh3 24. Ne3 Re8 0-1


[Site "https://www.chess.com"]

[Event "Titled Tuesday Blitz February 15 Early 2022"]
[White "Dreev, Aleksey"]
[Black "Bettalli, Francesco"]
[WhiteFideId "4100107"]
[BlackFideId "2816453"]
[WhiteElo "2636"]
[BlackElo "2216"]
[Result "1-0"]
[Round "04"]
[TimeControl "180+1"]
[Date "2022.02.15"]
[WhiteClock "0:01:02"]
[BlackClock "0:00:59"]

1. d4 e5 2. c3 exd4 3. cxd4 g6 4. Nc3 Bg7 5. e4 c6 6. h4 d5 7. e5 h5 8. Bg5 Qb6 9. Qd2 Bf5 10. Nge2 Nd7 11. Ng3 Be6 12. Be2 Nh6 13. O-O Nf5 14. Nxf5 Bxf5 15. Bf3 Nf8 16. Bxd5 Ne6 17. Bxe6 Bxe6 18. Ne4 O-O 19. Nf6+ Kh8 20. Bh6 Rfd8 21. Rad1 a5 22. Rfe1 Qb4 23. Qe3 Qf8 24. Bxg7+ Kxg7 25. a3 Bd5 26. Qg5 Kh8 27. Re3 Be6 28. Nxh5 c5 29. Nf4 Bf5 30. d5 Qg7 31. h5 Re8 32. h6 Qh7 33. d6 Be6 34. d7 Red8 35. Qf6+ Kg8 36. Nxe6 fxe6 37. Rg3 1-0


[Site "https://www.chess.com"]

[Event "Titled Tuesday Blitz February 15 Early 2022"]
[White "Dubov, Daniil"]
[Black "Pichot, Alan"]
[WhiteFideId "24126055"]
[BlackFideId "110973"]
[WhiteElo "2791"]
[BlackElo "2543"]
[Result "0-1"]
[Round "04"]
[TimeControl "180+1"]
[Date "2022.02.15"]
[WhiteClock "0:00:03"]
[BlackClock "0:00:02"]

1. d4 Nf6 2. Nf3 d5 3. c4 e6 4. g3 Be7 5. Bg2 O-O 6. Qc2 c6 7. Nbd2 a5 8. e4 b6 9. e5 Nfd7 10. h4 h6 11. Nf1 Na6 12. a3 Bb7 13. cxd5 cxd5 14. Ne3 Rc8 15. Qb1 Nc7 16. Ng4 Ba6 17. Bf4 f5 18. exf6 Nxf6 19. Nxh6+ gxh6 20. Qg6+ Kh8 21. Qxh6+ Kg8 22. Bh3 Rf7 23. Ng5 Qf8 24. Nxf7 Kxf7 25. Qxf8+ Bxf8 26. Rc1 Bc4 27. Bf1 Nb5 28. Be3 Nd6 29. h5 Nf5 30. h6 Kg8 31. b3 Bxa3 32. Rxc4 dxc4 33. Bxc4 Re8 34. Bg5 Bb4+ 35. Kd1 Ne4 0-1


[Site "https://www.chess.com"]

[Event "Titled Tuesday Blitz February 15 Early 2022"]
[White "Dushyant Sharma"]
[Black "Hamitevici, Vladimir"]
[WhiteFideId "25065130"]
[BlackFideId "13902393"]
[WhiteElo "2012"]
[BlackElo "2359"]
[Result "1-0"]
[Round "04"]
[TimeControl "180+1"]
[Date "2022.02.15"]
[WhiteClock "0:00:08"]
[BlackClock "0:00:06"]

1. e4 g6 2. d4 Bg7 3. Nc3 c6 4. Be3 d5 5. e5 h5 6. f3 Nh6 7. Bd3 Bf5 8. Qd2 Bxd3 9. Qxd3 Nf5 10. Bf2 e6 11. g4 Nh4 12. O-O-O Nd7 13. Kb1 a6 14. h3 c5 15. f4 cxd4 16. Qxd4 Rc8 17. Nxd5 exd5 18. Qxd5 Qc7 19. c3 g5 20. e6 Nf6 21. exf7+ Qxf7 22. Qxf7+ Kxf7 23. fxg5 Ne4 24. Bxh4 hxg4 25. hxg4 Bxc3 26. Rf1+ Kg7 27. Nf3 Bd2 28. Rd1 Rhd8 29. g6 Rd3 30. Ne5 Rd5 31. Nf3 Kxg6 32. Be1 Rf8 33. Nxd2 Rfd8 34. Kc2 Rc8+ 35. Kb1 Rcd8 36. Rh2 Rd3 37. Kc2 R3d4 38. Nxe4 Rxd1 39. Bd2 Rg1 40. Rh6+ Kg7 41. g5 Rg2 42. Nd6 Kg8 43. Kb3 Rg3+ 44. Bc3 Rxg5 45. Rh8# 1-0


[Site "https://www.chess.com"]